[Event "Commonwealth CC-Open 2024"]
[Site "Malacca"]
[Date "2024.02.25"]
[Round "7.19"]
[White "Smith, Robert W"]
[Black "Chong, Jin Cheng"]
[Result "0-1"]
[ECO "B06"]
[WhiteElo "2152"]
[BlackElo "1706"]
[Annotator "ChessBase"]
[PlyCount "84"]
[EventDate "2024.02.21"]
[EventCountry "MAS"]
[SourceTitle "playchess.com"]
[Source "ChessBase"]
[SourceQuality "1"]
[TimeControl "5400+30"]

1. e4 c5 2. c3 d5 3. exd5 Qxd5 4. d4 g6 5. Nf3 Bg7 6. Na3 cxd4 7. Bc4 Qe4+ 8. Be3 Nh6 9. Nb5 O-O 10. cxd4 Nc6 11. O-O Nf5 12. Re1 Nxe3 13. Rxe3 Qf4 14. g3 Qf6 15. Ne5 a6 16. Nc7 Ra7 17. Nd5 Qd6 18. Nxc6 bxc6 19. Nb6 Bxd4 20. Nxc8 Rxc8 21. Rf3 e6 22. Qe2 c5 23. Rd1 Kg7 24. b3 e5 25. g4 Re8 26. Rh3 e4 27. Qd2 Bxf2+ 28. Kxf2 e3+ 29. Rxe3 Qxh2+ 30. Ke1 Qg1+ 31. Ke2 Qxg4+ 32. Ke1 Qh4+ 33. Ke2 Rxe3+ 34. Kxe3 Qg3+ 35. Ke2 Qg2+ 36. Kd3 Rd7+ 37. Kc3 Rxd2 38. Rxd2 Qf3+ 39. Kb2 h5 40. Bd5 Qf4 41. Kc2 h4 42. Rd3 f5 0-1

[Event "Commonwealth CC-Open 2024"]
[Site "Malacca"]
[Date "2024.02.25"]
[Round "7.20"]
[White "Yeo, Klaus Lucas"]
[Black "Bhagyashree Patil"]
[Result "0-1"]
[ECO "C28"]
[WhiteElo "1549"]
[BlackElo "1885"]
[Annotator "NA"]
[PlyCount "106"]
[EventDate "2024.02.21"]
[EventCountry "MAS"]
[SourceTitle "playchess.com"]
[Source "ChessBase"]
[SourceQuality "1"]
[TimeControl "5400+30"]

1. e4 e5 2. Nc3 Nf6 3. Bc4 Nc6 4. d3 Bc5 5. f4 exf4 6. Bxf4 d6 7. Nf3 a6 8. d4 Bb6 9. Qd2 Bg4 10. Be3 Qe7 (10... Nxe4 $11 11. Nxe4 d5) 11. Bd5 $11 (11. O-O $14) 11... Nxd5 12. Nxd5 Qxe4 13. Nxb6 cxb6 14. O-O O-O 15. d5 Ne7 16. Bxb6 Qxd5 17. Rad1 Qc6 18. Qxd6 Qxd6 19. Rxd6 Bxf3 20. Rxf3 Nc8 21. Rfd3 Nxd6 22. Rxd6 Rac8 23. Rd2 Rfe8 24. a4 Re6 25. a5 Rce8 26. Kf2 h6 27. c4 Rf6+ 28. Kg3 Re5 29. h3 Rg6+ 30. Kf4 Rge6 31. b3 Re2 32. Rxe2 Rxe2 33. b4 Rxg2 34. Ke5 Rd2 35. Bd4 f5 36. Be3 Rd3 37. Bc5 Kf7 38. Kxf5 Rxh3 39. Ke5 Rd3 40. Ke4 Rd1 41. Ke5 h5 42. Kf5 Rc1 43. Ke5 Rxc4 44. Kd6 h4 45. Kc7 h3 46. Kxb7 h2 47. Kxa6 h1=Q 48. Kb5 Rxc5+ 49. Kxc5 Qa8 50. Kb6 Qb8+ 51. Kc5 Qc7+ 52. Kb5 Qb7+ 53. Kc5 Qa6 0-1

[Event "Commonwealth CC-Open 2024"]
[Site "Malacca"]
[Date "2024.02.25"]
[Round "7.21"]
[White "Kavin Mohan"]
[Black "Lim, Xiao Xian Tobias"]
[Result "1-0"]
[ECO "D36"]
[WhiteElo "1803"]
[BlackElo "1584"]
[Annotator "NA"]
[PlyCount "90"]
[EventDate "2024.02.21"]
[EventCountry "MAS"]
[SourceTitle "playchess.com"]
[Source "ChessBase"]
[SourceQuality "1"]
[TimeControl "5400+30"]

1. d4 d5 2. c4 e6 3. Nc3 Nf6 4. cxd5 exd5 5. Bg5 c6 6. Qc2 h6 7. Bh4 Be7 8. e3 O-O 9. Bd3 Ne8 10. Bxe7 Qxe7 11. Nge2 Nd6 12. O-O a5 13. Na4 Na6 14. a3 Re8 15. Nf4 Bd7 16. Nb6 Ra7 17. Qc3 $14 Nc7 18. Qc5 Nc8 19. Na4 Qd8 20. Qc2 b5 21. Nc5 Nd6 22. Rfc1 Bc8 23. a4 b4 24. Nb3 Bd7 25. Qc5 Nc8 26. Nxa5 Na6 27. Bxa6 Rxa6 28. Nb3 Rb6 29. Nd3 Qg5 30. Qc2 Bf5 31. a5 Rb8 32. Qd2 Nd6 33. e4 Qxd2 34. Nxd2 dxe4 35. Ne5 Nb5 36. Nxc6 Ra8 37. Rc5 Bd7 38. Ne5 Nxd4 39. Nxd7 Red8 40. Nb6 Ra7 41. Kf1 Ne6 42. Rc8 Rxc8 43. Nxc8 Nc5 44. Nd6 Re7 45. a6 Ra7 1-0

[Event "Commonwealth CC-Open 2024"]
[Site "Malacca"]
[Date "2024.02.25"]
[Round "7.22"]
[White "Gomes, Mary Ann"]
[Black "Hiew, Jing Yung"]
[Result "1/2-1/2"]
[ECO "A09"]
[WhiteElo "2332"]
[BlackElo "1635"]
[Annotator "RC"]
[PlyCount "50"]
[EventDate "2024.02.21"]
[EventCountry "MAS"]
[SourceTitle "playchess.com"]
[Source "ChessBase"]
[SourceQuality "1"]
[TimeControl "5400+30"]

1. Nf3 d5 2. g3 g6 3. c4 dxc4 4. Na3 Nc6 5. Nxc4 Bg7 6. Bg2 e5 7. O-O e4 8. Ne1 Be6 9. Qa4 Nf6 10. Na5 Qd4 11. Qb5 Qb6 12. Qxb6 axb6 13. Nxc6 bxc6 14. d3 Bd5 15. Bg5 O-O 16. Bxf6 Bxf6 17. dxe4 Bc4 18. e5 Bxe5 19. Nd3 Bxd3 20. exd3 Bxb2 21. Bxc6 Bxa1 22. Bxa8 Rxa8 23. Rxa1 Ra3 24. Rc1 Rxd3 25. Rxc7 Ra3 1/2-1/2

[Event "Commonwealth CC-Open 2024"]
[Site "Malacca"]
[Date "2024.02.25"]
[Round "7.24"]
[White "Khandhar, Kaushal"]
[Black "De Maupeou D`ableiges, Alexandre"]
[Result "1-0"]
[ECO "D25"]
[WhiteElo "1840"]
[BlackElo "1609"]
[Annotator "NA RC"]
[PlyCount "111"]
[EventDate "2024.02.21"]
[EventCountry "MAS"]
[SourceTitle "playchess.com"]
[Source "ChessBase"]
[SourceQuality "1"]
[TimeControl "5400+30"]

1. d4 d5 2. Nf3 Nf6 3. c4 dxc4 4. e3 a6 5. Bxc4 b5 6. Be2 Bb7 7. O-O e6 8. a4 b4 9. a5 Bd6 10. Nbd2 O-O 11. Nc4 Be7 12. Qb3 c5 $14 (12... Nbd7 $11 {was preferrable.}) 13. Rd1 Qc7 14. Bd2 Bd5 15. Rdc1 Qb7 16. Qd1 cxd4 17. Nb6 Ra7 18. Nxd5 Qxd5 19. Nxd4 g6 20. Bf3 Qd6 21. Nc6 Nxc6 22. Rxc6 Qe5 23. Qc2 Rd8 24. Be1 Kg7 25. Qb3 Qb5 26. Rb6 Rd3 27. Qc2 Qd7 28. Be2 Rd5 29. Bc4 Rh5 30. g3 Bc5 31. Rxb4 Bxb4 32. Bxb4 Nd5 33. Be1 Nc7 34. Bc3+ e5 35. f4 Nb5 36. Bxb5 Qxb5 37. fxe5 Kh6 38. Qe4 Qe2 39. Qf4+ Kg7 40. e6+ Kf8 41. Qb8+ Ke7 42. Qxa7+ Kxe6 43. Qb6+ Kd7 44. Qb7+ Ke6 45. Qc6+ Kf5 46. Qf6+ Ke4 47. Qd4+ Kf5 48. Rf1+ Qxf1+ 49. Kxf1 Ke6 50. g4 Rb5 51. Qf6+ Kd5 52. Qxa6 Rc5 53. Qb7+ Kc4 54. a6 h5 55. Qb4+ Kd5 56. a7 1-0

[Event "Commonwealth CC-Open 2024"]
[Site "Malacca"]
[Date "2024.02.25"]
[Round "7.25"]
[White "Milligan, Helen"]
[Black "Ismadi, Muhd Eilfie"]
[Result "1-0"]
[ECO "C54"]
[WhiteElo "1941"]
[BlackElo "1500"]
[Annotator "NA RC"]
[PlyCount "123"]
[EventDate "2024.02.21"]
[EventCountry "MAS"]
[SourceTitle "playchess.com"]
[Source "ChessBase"]
[SourceQuality "1"]
[TimeControl "5400+30"]

1. e4 e5 2. Nf3 Nc6 3. Bc4 Bc5 4. c3 Nf6 5. d3 a5 6. O-O d6 7. Nbd2 O-O 8. h3 h6 9. Re1 Bb6 10. Nf1 Ne7 11. Bb3 g5 12. d4 Ng6 13. Ng3 Be6 14. Nf5 Kh7 15. Bc2 (15. Bxg5 hxg5 (15... Bxb3 16. Qd2 $16) 16. Nxg5+ Kh8) 15... Ng8 $2 (15... Rh8 $16) 16. Nxg5+ Kh8 17. Qh5 Bxf5 18. exf5 $18 Qf6 19. Ne4 Qh4 20. Qxh4 Nxh4 21. dxe5 Nxf5 22. exd6 cxd6 23. Bf4 d5 24. Ng3 Nxg3 25. Bxg3 Rfe8 26. Bb3 Red8 27. Rad1 Rd7 28. Rxd5 Rad8 29. Rxd7 Rxd7 30. Re2 Kg7 31. Be5+ f6 32. Bf4 Ne7 33. Rd2 Rxd2 34. Bxd2 Bc7 35. Kf1 h5 36. Ke2 Kg6 37. Bc2+ f5 38. g4 hxg4 39. hxg4 Kf7 40. Bxf5 Nxf5 41. gxf5 Kf6 42. Kd3 Kxf5 43. c4 b6 44. Be3 Ke5 45. Bd4+ Kf4 46. b3 Bd8 47. a3 Kf5 48. b4 axb4 49. axb4 Bc7 50. b5 Kf4 51. c5 bxc5 52. Bxc5 Ke5 53. Kc4 Bb8 54. Be3 Ke6 55. Kc5 Kd7 56. b6 Bd6+ 57. Kd5 Bb8 58. Bd4 Kc8 59. Be5 Bxe5 60. Kxe5 Kb7 61. f4 Kxb6 62. Kd6 1-0

[Event "Commonwealth CC-Open 2024"]
[Site "Malacca"]
[Date "2024.02.26"]
[Round "8.1"]
[White "Rohith Krishna S"]
[Black "Tin, Jingyao"]
[Result "1-0"]
[ECO "D31"]
[WhiteElo "2410"]
[BlackElo "2563"]
[Annotator "RC"]
[PlyCount "85"]
[EventDate "2024.02.21"]
[EventCountry "MAS"]
[SourceTitle "playchess.com"]
[Source "ChessBase"]
[SourceQuality "1"]
[TimeControl "5400+30"]

1. d4 d5 2. c4 e6 3. Nc3 a6 4. Nf3 dxc4 5. a4 Nc6 6. e3 Na5 7. Nd2 Nf6 8. Nxc4 c5 9. Be2 Nxc4 10. Bxc4 cxd4 11. exd4 Bd6 12. Bg5 h6 13. Bh4 O-O 14. O-O Be7 15. Qd3 Re8 16. Rfe1 Bd7 17. Bb3 Nh7 18. Bg3 Qb6 19. Bc2 Nf8 20. a5 Qb4 21. d5 Rac8 22. Be5 Ng6 23. Bxg7 Bg5 24. Bd4 e5 25. Rxe5 Rxe5 26. Bxe5 Qxb2 27. Rb1 Qa3 28. g3 Bh3 29. Bd4 Qxa5 30. Rxb7 Qa3 31. Rb1 a5 32. Qf3 Re8 33. Bxg6 fxg6 34. g4 Qb4 35. Qd3 Kh7 36. Ne4 Qe7 37. Nxg5+ Qxg5 38. Qxh3 Re4 39. Rb7+ Kg8 40. Rg7+ Kf8 41. Qa3+ Ke8 42. Rg8+ Kd7 43. Qa4+ 1-0

[Event "Commonwealth CC-Open 2024"]
[Site "Malacca"]
[Date "2024.02.26"]
[Round "8.2"]
[White "Vignesh N R"]
[Black "Lalit Babu M R"]
[Result "1-0"]
[ECO "C83"]
[WhiteElo "2517"]
[BlackElo "2525"]
[Annotator "ChessBase"]
[PlyCount "63"]
[EventDate "2024.02.21"]
[EventCountry "MAS"]
[SourceTitle "playchess.com"]
[Source "ChessBase"]
[SourceQuality "1"]
[TimeControl "5400+30"]

1. e4 e5 2. Nf3 Nc6 3. Bb5 a6 4. Ba4 Nf6 5. O-O Nxe4 6. d4 b5 7. Bb3 d5 8. dxe5 Be6 9. c3 Be7 10. Nbd2 Nc5 11. Bc2 d4 12. Nb3 d3 13. Bb1 Nxb3 14. axb3 Bf5 15. Re1 O-O 16. Bf4 Qd7 17. b4 Rfd8 18. h3 a5 19. g4 Bg6 20. bxa5 Rxa5 21. Ba2 Rf8 22. b4 Ra4 23. e6 Qd8 24. exf7+ Bxf7 25. Bxf7+ Rxf7 26. Qb3 Kf8 27. Rxa4 Rxf4 28. Qe6 Rf6 29. Ng5 Ke8 30. Qg8+ Kd7 31. Qd5+ Ke8 32. Qxb5 1-0

[Event "Commonwealth CC-Open 2024"]
[Site "Malacca"]
[Date "2024.02.26"]
[Round "8.3"]
[White "Vaibhav, Suri"]
[Black "Mitrabha, Guha"]
[Result "0-1"]
[ECO "B12"]
[WhiteElo "2596"]
[BlackElo "2504"]
[Annotator "RC"]
[PlyCount "128"]
[EventDate "2024.02.21"]
[EventCountry "MAS"]
[SourceTitle "playchess.com"]
[Source "ChessBase"]
[SourceQuality "1"]
[TimeControl "5400+30"]

1. e4 c6 2. d4 d5 3. e5 Bf5 4. h4 h6 5. Bd3 Bxd3 6. Qxd3 e6 7. Nf3 Ne7 8. c3 Nd7 9. b4 a5 10. b5 cxb5 11. Qxb5 Qb6 12. Na3 Nc6 13. Rb1 Bxa3 14. Bxa3 Qxb5 15. Rxb5 b6 16. Ke2 f6 17. exf6 gxf6 18. h5 Kf7 19. Rc1 Rac8 20. Kd3 Na7 21. Rbb1 Rc6 22. Nd2 Rg8 23. g3 Rg5 24. Rh1 e5 25. Nf1 f5 26. dxe5 Nxe5+ 27. Ke2 Rg4 28. Rh4 Rxh4 29. gxh4 Rxc3 30. Bc1 Rc2+ 31. Nd2 b5 32. a3 Nac6 33. Kd1 Rc5 34. f4 Nd3 35. Nb3 Rc4 36. Bd2 Ra4 37. Kc2 Nf2 38. Kb2 Ne4 39. Rc1 Nxd2 40. Nxd2 Ne7 41. Rf1 Nc8 42. Rc1 Nd6 43. Rc7+ Ke8 44. Rc5 Rxf4 45. Rxd5 Ke7 46. Nb3 Rf2+ 47. Kc1 Nc4 48. Rc5 Rf3 49. Kc2 Nxa3+ 50. Kb2 Nc4+ 51. Ka2 Rf2+ 52. Ka1 a4 53. Nd4 Nd6 54. Nxb5 Nxb5 55. Rxb5 f4 56. Rb7+ Ke6 57. Rb6+ Ke5 58. Rb5+ Ke4 59. Rb4+ Kf5 60. Rb6 Rh2 61. Rxh6 f3 62. Rh8 f2 63. Rf8+ Kg4 64. h6 Rh1+ 0-1

[Event "Commonwealth CC-Open 2024"]
[Site "Malacca"]
[Date "2024.02.26"]
[Round "8.4"]
[White "Das, Sayantan"]
[Black "Iniyan, Pa"]
[Result "1/2-1/2"]
[ECO "B51"]
[WhiteElo "2514"]
[BlackElo "2515"]
[Annotator "RC"]
[PlyCount "144"]
[EventDate "2024.02.21"]
[EventCountry "MAS"]
[SourceTitle "playchess.com"]
[Source "ChessBase"]
[SourceQuality "1"]
[TimeControl "5400+30"]

1. e4 c5 2. Nf3 d6 3. Bb5+ Nd7 4. c4 a6 5. Ba4 Ngf6 6. O-O g6 7. Nc3 Bg7 8. d3 O-O 9. h3 Ne8 10. d4 Nc7 11. Be3 Ne6 12. Nd5 Rb8 13. Bxd7 Bxd7 14. dxc5 dxc5 15. Qd2 Re8 16. Bh6 Nd4 17. Nxd4 Bxd4 18. Qf4 Bc6 19. Rab1 b5 20. b3 Rb7 21. Rbd1 Qb8 22. Qh4 Qe5 23. Rfe1 Qe6 24. Be3 Bxe3 25. Rxe3 Qe5 26. f4 Qb2 27. f5 Qe5 28. Qf2 e6 29. Ree1 exd5 30. exd5 Qxf5 31. dxc6 Rxe1+ 32. Qxe1 Rc7 33. Rd5 Qf6 34. cxb5 axb5 35. Rxc5 Qd4+ 36. Qf2 Qd1+ 37. Kh2 Qd6+ 38. Qg3 Qxc5 39. Qxc7 b4 40. h4 h5 41. Qf4 Qxc6 42. Qxb4 Qc7+ 43. Kh3 Qd7+ 44. Kg3 Qd3+ 45. Kh2 Qe3 46. Qb8+ Kg7 47. a4 Qd4 48. Qg3 Qb4 49. Kh3 Kh7 50. Qf3 Kg7 51. g3 f6 52. Qd5 Qg4+ 53. Kh2 Qe2+ 54. Qg2 Qe1 55. Qb7+ Kh6 56. Qf3 Kg7 57. Kg2 Qd2+ 58. Kf1 Qc1+ 59. Kf2 Qc2+ 60. Kg1 Qc1+ 61. Kh2 Qc2+ 62. Kh3 Qc8+ 63. Kh2 Qc2+ 64. Kh3 Qc8+ 65. g4 hxg4+ 66. Qxg4 Qc3+ 67. Qg3 Qc8+ 68. Kh2 Qc2+ 69. Kg1 Qd1+ 70. Kf2 Qc2+ 71. Kf1 Qd1+ 72. Kg2 Qc2+ 1/2-1/2

[Event "Commonwealth CC-Open 2024"]
[Site "Malacca"]
[Date "2024.02.26"]
[Round "8.5"]
[White "Laxman, R.R."]
[Black "Sethuraman, S.P."]
[Result "1-0"]
[ECO "D30"]
[WhiteElo "2338"]
[BlackElo "2594"]
[Annotator "RC"]
[PlyCount "119"]
[EventDate "2024.02.21"]
[EventCountry "MAS"]
[SourceTitle "playchess.com"]
[Source "ChessBase"]
[SourceQuality "1"]
[TimeControl "5400+30"]

1. d4 Nf6 2. Nf3 d5 3. c4 e6 4. e3 a6 5. Nbd2 b6 6. cxd5 exd5 7. Bd3 Bb7 8. Qc2 Bd6 9. O-O O-O 10. e4 dxe4 11. Nxe4 Nxe4 12. Bxe4 Bxe4 13. Qxe4 Nd7 14. Bg5 Qe8 15. Qc6 Qe6 16. Rac1 Nc5 17. d5 Qe2 18. Rce1 Qxb2 19. Be7 Qxa2 20. Bxd6 cxd6 21. Qxd6 Na4 22. Ne5 Nc3 23. Nd7 Rfd8 24. Nf6+ gxf6 25. Qg3+ Kh8 26. Qxc3 Rd6 27. Rd1 Rad8 28. Qc7 Kg7 29. Rd3 Qa5 30. Qe7 Qb5 31. Rfd1 Qe8 32. Qc7 Qd7 33. Qc4 b5 34. Qf4 f5 35. h4 Rg6 36. Qe5+ f6 37. Qf4 Rg4 38. Rg3 h5 39. f3 Qa7+ 40. Kh2 Rxg3 41. Qxg3+ Kf7 42. Rc1 Qe7 43. f4 Rxd5 44. Qf3 Qd6 45. Qxh5+ Kg7 46. Rf1 Qd7 47. Re1 Qf7 48. Qf3 b4 49. Re3 Kh6 50. Qe2 Qc7 51. Rf3 a5 52. Qe6 Rd6 53. Qxf5 a4 54. Rg3 Qf7 55. Qc5 Ra6 56. Qc8 Re6 57. Qh8+ Qh7 58. Qf8+ Kh5 59. Rg7 Qh6 60. Qf7+ 1-0

[Event "Commonwealth CC-Open 2024"]
[Site "Malacca"]
[Date "2024.02.26"]
[Round "8.6"]
[White "Visakh N R"]
[Black "Wong, Zhenyong Jayden"]
[Result "1-0"]
[ECO "B40"]
[WhiteElo "2549"]
[BlackElo "2406"]
[Annotator "RC"]
[PlyCount "49"]
[EventDate "2024.02.21"]
[EventCountry "MAS"]
[SourceTitle "playchess.com"]
[Source "ChessBase"]
[SourceQuality "1"]
[TimeControl "5400+30"]

1. e4 c5 2. Nf3 e6 3. b3 b6 4. Bd3 Bb7 5. O-O Be7 6. Bb2 Nf6 7. e5 Nd5 8. Be4 Qc7 9. Re1 O-O 10. c4 Nf4 11. d4 cxd4 12. Qxd4 Ng6 13. Bxb7 Qxb7 14. Nc3 Nc6 15. Qd2 f6 16. exf6 Bxf6 17. Rad1 Rad8 18. Ne4 Bxb2 19. Qxb2 Qc7 20. Nd6 a6 21. Qd2 Rxf3 22. gxf3 Rf8 23. Re3 Nh4 24. Qc3 Rf4 25. Ne8 1-0

[Event "Commonwealth CC-Open 2024"]
[Site "Malacca"]
[Date "2024.02.26"]
[Round "8.8"]
[White "Deepan Chakkravarthy J."]
[Black "Gong, Qianyun"]
[Result "1-0"]
[ECO "D02"]
[WhiteElo "2422"]
[BlackElo "2263"]
[Annotator "RC"]
[PlyCount "93"]
[EventDate "2024.02.21"]
[EventCountry "MAS"]
[SourceTitle "playchess.com"]
[Source "ChessBase"]
[SourceQuality "1"]
[TimeControl "5400+30"]

1. Nf3 d5 2. d4 Nf6 3. c3 e6 4. Bf4 Bd6 5. Bg3 O-O 6. Nbd2 c5 7. e3 Qc7 8. Bd3 Nbd7 9. Qc2 e5 10. dxe5 Nxe5 11. Nxe5 Bxe5 12. Nf3 Bxg3 13. hxg3 h6 14. Bf5 b5 15. a4 a6 16. O-O Bb7 17. b4 Ne4 18. Rfc1 bxa4 19. Qxa4 Nd6 20. Bg4 Bc8 21. Bxc8 Rfxc8 22. Qd1 cxb4 23. cxb4 Qb7 24. Ne5 Nc4 25. Nd3 Rd8 26. Qe1 Qe7 27. Nf4 Qe5 28. Ra2 g5 29. Nd3 Qf5 30. Nc5 Ne5 31. Rd1 Qg6 32. Qc3 Qh5 33. f3 g4 34. f4 Nc4 35. Raa1 Nd6 36. Qd3 Nf5 37. Kf2 d4 38. e4 Ne3 39. Rh1 Qg6 40. Nxa6 Qf6 41. b5 Rac8 42. Rac1 Kg7 43. Nb4 Rc3 44. Rxc3 dxc3 45. Qxe3 Rd2+ 46. Kg1 Rb2 47. Nd5 1-0

[Event "Commonwealth CC-Open 2024"]
[Site "Malacca"]
[Date "2024.02.26"]
[Round "8.10"]
[White "Bhagyashree Patil"]
[Black "Nandhidhaa, P V"]
[Result "0-1"]
[ECO "A43"]
[WhiteElo "1885"]
[BlackElo "2305"]
[Annotator "RC"]
[PlyCount "90"]
[EventDate "2024.02.21"]
[EventCountry "MAS"]
[SourceTitle "playchess.com"]
[Source "ChessBase"]
[SourceQuality "1"]
[TimeControl "5400+30"]

1. d4 c5 2. d5 Nf6 3. Bf4 d6 4. Nc3 Na6 5. Nf3 Nc7 6. e4 g6 7. Bd3 Bg7 8. O-O O-O 9. Nd2 e6 10. dxe6 Nxe6 11. Be3 d5 12. exd5 Nxd5 13. Nxd5 Qxd5 14. Be4 Qd6 15. Nc4 Qa6 16. Bd3 b5 17. Na3 Bd7 18. c3 Rad8 19. Qe2 c4 20. Be4 Bc6 21. Bxc6 Qxc6 22. Nc2 Rfe8 23. Rad1 Nf4 24. Bxf4 Rxe2 25. Rxd8+ Re8 26. Rfd1 h6 27. g3 Rxd8 28. Rxd8+ Kh7 29. Rd2 Qe4 30. h4 a5 31. a3 Bf6 32. Be3 g5 33. hxg5 hxg5 34. Nd4 Qb7 35. Nc2 Be7 36. Bd4 Kg6 37. Re2 Bd6 38. Re3 Qd5 39. Ne1 b4 40. axb4 axb4 41. Nf3 b3 42. Ne5+ Bxe5 43. Rxe5 Qf3 44. Bc5 Qd1+ 45. Kg2 f6 0-1

[Event "Commonwealth CC-Open 2024"]
[Site "Malacca"]
[Date "2024.02.26"]
[Round "8.11"]
[White "Srija, Seshadri"]
[Black "Novak, Attila Robert"]
[Result "1-0"]
[ECO "C02"]
[WhiteElo "2291"]
[BlackElo "2130"]
[Annotator "RC"]
[PlyCount "61"]
[EventDate "2024.02.21"]
[EventCountry "MAS"]
[SourceTitle "playchess.com"]
[Source "ChessBase"]
[SourceQuality "1"]
[TimeControl "5400+30"]

1. e4 e6 2. d4 d5 3. e5 c5 4. c3 Nc6 5. Nf3 Bd7 6. Be2 f6 7. O-O Qc7 8. Re1 fxe5 9. dxe5 O-O-O 10. Bf1 h6 11. a4 g5 12. Na3 a6 13. h3 Bg7 14. Qe2 Nge7 15. b4 c4 16. b5 Na5 17. Rb1 axb5 18. Nxb5 Bxb5 19. Rxb5 Nb3 20. Be3 Rdf8 21. Nd4 Nxd4 22. Bxd4 Nc6 23. Reb1 Rf7 24. a5 Bf8 25. Qa2 Nxd4 26. cxd4 Rhh7 27. a6 Qb8 28. axb7+ Rxb7 29. Qa6 Rhd7 30. Rxb7 Rxb7 31. Qc6+ 1-0

[Event "Commonwealth CC-Open 2024"]
[Site "Malacca"]
[Date "2024.02.26"]
[Round "8.12"]
[White "Mahmood Shah, Mukhriez Shah"]
[Black "Liu, Yi"]
[Result "0-1"]
[ECO "C11"]
[WhiteElo "2007"]
[BlackElo "2260"]
[Annotator "RC"]
[PlyCount "62"]
[EventDate "2024.02.21"]
[EventCountry "MAS"]
[SourceTitle "playchess.com"]
[Source "ChessBase"]
[SourceQuality "1"]
[TimeControl "5400+30"]

1. e4 e6 2. d4 d5 3. Nc3 Nf6 4. e5 Nfd7 5. f4 c5 6. Nf3 Nc6 7. Be3 cxd4 8. Nxd4 Qb6 9. Qd2 Qxb2 10. Rb1 Qa3 11. Rb3 Qa5 12. Ncb5 Qxd2+ 13. Kxd2 Rb8 14. Nxc6 bxc6 15. Nxa7 Rxb3 16. axb3 Bb7 17. Be2 Kd8 18. c4 Bb4+ 19. Kd3 Nc5+ 20. Kc2 Kc7 21. cxd5 exd5 22. Rd1 Ra8 23. Rd4 Ba3 24. b4 Ne6 25. Rd1 Bxb4 26. f5 Bc5 27. fxe6 Bxe3 28. exf7 Bxa7 29. e6 Bc5 30. Rb1 Ra2+ 31. Kd1 Bc8 0-1

[Event "Commonwealth CC-Open 2024"]
[Site "Malacca"]
[Date "2024.02.26"]
[Round "8.13"]
[White "Chong, Jin Cheng"]
[Black "Lim, Zhuo Ren"]
[Result "1-0"]
[ECO "B96"]
[WhiteElo "1706"]
[BlackElo "2218"]
[Annotator "RC"]
[PlyCount "83"]
[EventDate "2024.02.21"]
[EventCountry "MAS"]
[SourceTitle "playchess.com"]
[Source "ChessBase"]
[SourceQuality "1"]
[TimeControl "5400+30"]

1. e4 c5 2. Nf3 d6 3. d4 cxd4 4. Nxd4 Nf6 5. Nc3 a6 6. Bg5 e6 7. f4 b5 8. e5 dxe5 9. fxe5 Qc7 10. Qe2 Nfd7 11. O-O-O Nc6 12. Kb1 Nxd4 13. Rxd4 Bb7 14. Bf4 Rc8 15. Ne4 Bxe4 16. Qxe4 Be7 17. h4 Nc5 18. Qf3 O-O 19. Be2 Rfd8 20. c3 Na4 21. Bd3 Bf8 22. h5 Nc5 23. Bc2 a5 24. Rhd1 b4 25. Bg5 Re8 26. Rg4 bxc3 27. Bf6 Qb7 28. Qxc3 g6 29. hxg6 fxg6 30. Qg3 Re7 31. Rh1 Rg7 32. Bxg7 Bxg7 33. Rgh4 Rb8 34. b3 a4 35. Rxh7 axb3 36. axb3 Nxb3 37. Rxg7+ Qxg7 38. Bxb3 Qf7 39. Qh3 Kf8 40. Qh8+ Qg8 41. Qf6+ Ke8 42. Rh8 1-0

[Event "Commonwealth CC-Open 2024"]
[Site "Malacca"]
[Date "2024.02.26"]
[Round "8.15"]
[White "Pon, Matt"]
[Black "Kavin Mohan"]
[Result "1/2-1/2"]
[ECO "C00"]
[WhiteElo "2202"]
[BlackElo "1803"]
[Annotator "RC"]
[PlyCount "77"]
[EventDate "2024.02.21"]
[EventCountry "MAS"]
[SourceTitle "playchess.com"]
[Source "ChessBase"]
[SourceQuality "1"]
[TimeControl "5400+30"]

1. e4 e6 2. d3 d5 3. Nd2 c5 4. Ngf3 Nf6 5. g3 Nc6 6. Bg2 Be7 7. O-O b6 8. Re1 Bb7 9. c3 Qc7 10. Qe2 O-O-O 11. Nf1 Ba6 12. Bf4 Qb7 13. e5 Nd7 14. c4 Nf8 15. Ng5 Bxg5 16. Bxg5 Rd7 17. h4 h6 18. Bf4 Ng6 19. cxd5 Nxf4 20. gxf4 exd5 21. Qg4 Nd4 22. Ne3 Kb8 23. b4 Bxd3 24. bxc5 Be4 25. cxb6 axb6 26. Red1 f5 27. exf6 gxf6 28. Rxd4 Rg7 29. Qe6 Bxg2 30. Qd6+ Qc7 31. Qxc7+ Kxc7 32. Rc1+ Kb7 33. Kh2 Be4 34. Rf1 Ra8 35. a4 Rag8 36. f3 Rg3 37. fxe4 Rxe3 38. exd5 Re2+ 39. Kh1 1/2-1/2

[Event "Commonwealth CC-Open 2024"]
[Site "Malacca"]
[Date "2024.02.26"]
[Round "8.17"]
[White "Vrashank Chouhan"]
[Black "Kapoor, Satvik"]
[Result "1/2-1/2"]
[ECO "A90"]
[WhiteElo "2046"]
[BlackElo "1791"]
[Annotator "NA RC"]
[PlyCount "71"]
[EventDate "2024.02.21"]
[EventCountry "MAS"]
[SourceTitle "playchess.com"]
[Source "ChessBase"]
[SourceQuality "1"]
[TimeControl "5400+30"]

1. d4 f5 2. Nf3 Nf6 3. g3 d5 4. Bg2 e6 5. O-O Bd6 6. c4 c6 7. b3 O-O 8. Bb2 b5 9. Ne5 Qc7 (9... Bb7 $11) 10. Nd2 $11 (10. c5 $16 Be7 11. b4) 10... a5 11. Rc1 Qe7 12. f3 Bb7 13. e4 bxc4 14. exd5 c3 15. Bxc3 Nxd5 16. Ndc4 Nd7 17. Nxd6 Qxd6 18. Nc4 Qc7 19. Qe1 Rfe8 20. Bxa5 Qb8 21. f4 c5 22. Qd2 Qa7 23. Rfd1 N7f6 24. Nd6 Qxa5 25. Nxe8 Nxe8 26. Qxa5 Rxa5 27. dxc5 Rxa2 28. c6 Bxc6 29. Rxc6 Ne3 30. Rxe6 Nxd1 31. Rxe8+ Kf7 32. Rd8 Ra1 33. Bf3 Ne3+ 34. Kf2 Ng4+ 35. Bxg4 fxg4 36. Rd2 1/2-1/2

[Event "Commonwealth CC-Open 2024"]
[Site "Malacca"]
[Date "2024.02.26"]
[Round "8.18"]
[White "Sanudula, K M Dahamdi"]
[Black "Anderson, Gavin"]
[Result "1/2-1/2"]
[ECO "A45"]
[WhiteElo "1744"]
[BlackElo "2159"]
[Annotator "RC"]
[PlyCount "31"]
[EventDate "2024.02.21"]
[EventCountry "MAS"]
[SourceTitle "playchess.com"]
[Source "ChessBase"]
[SourceQuality "1"]
[TimeControl "5400+30"]

1. d4 Nf6 2. Bf4 g6 3. Nc3 d5 4. e3 Bg7 5. Nb5 Na6 6. Nc3 c5 7. Bxa6 bxa6 8. dxc5 Qa5 9. Qd4 O-O 10. Be5 Bf5 11. b4 Qa3 12. Nge2 Rfc8 13. Nb1 Qa4 14. Nbc3 Qa3 15. Nb1 Qa4 16. Nbc3 1/2-1/2

[Event "Commonwealth CC-Open 2024"]
[Site "Malacca"]
[Date "2024.02.26"]
[Round "8.19"]
[White "Siddharth, Sai"]
[Black "Chan, Peng Kong"]
[Result "1/2-1/2"]
[ECO "B06"]
[WhiteElo "1760"]
[BlackElo "2125"]
[Annotator "ChessBase"]
[PlyCount "51"]
[EventDate "2024.02.21"]
[EventCountry "MAS"]
[SourceTitle "playchess.com"]
[Source "ChessBase"]
[SourceQuality "1"]
[TimeControl "5400+30"]

1. e4 g6 2. d4 Bg7 3. Nc3 d6 4. Nf3 a6 5. Be3 b5 6. Bd3 Bb7 7. Ne2 Nd7 8. O-O Ngf6 9. Ng3 O-O 10. Re1 c5 11. c3 Rc8 12. Rc1 cxd4 13. cxd4 Rxc1 14. Qxc1 Qa5 15. a3 Rc8 16. Qd2 Qd8 17. h3 Nb6 18. b3 Nbd7 19. Rc1 Rc7 20. Rxc7 Qxc7 21. Qc1 Qxc1+ 22. Bxc1 e5 23. dxe5 Nxe5 24. Nxe5 dxe5 25. Be3 Bf8 26. b4 1/2-1/2

[Event "Commonwealth CC-Open 2024"]
[Site "Malacca"]
[Date "2024.02.26"]
[Round "8.20"]
[White "Muhammed, Shuaau"]
[Black "Wijesuriya, G P Y"]
[Result "0-1"]
[ECO "C45"]
[WhiteElo "2093"]
[BlackElo "1616"]
[Annotator "RC"]
[PlyCount "65"]
[EventDate "2024.02.21"]
[EventCountry "MAS"]
[SourceTitle "playchess.com"]
[Source "ChessBase"]
[SourceQuality "1"]
[TimeControl "5400+30"]

1. e4 e5 2. Nf3 Nc6 3. d4 exd4 4. Nxd4 Nf6 5. Nxc6 bxc6 6. e5 Nd5 7. c4 Ne7 8. Bd3 Ng6 9. O-O Bc5 10. Kh1 O-O 11. f4 d6 12. exd6 cxd6 13. Nc3 Re8 14. Ne4 Bd4 15. Bc2 c5 16. Qh5 Qh4 17. Qxh4 Nxh4 18. Nxd6 Bd7 19. Nb5 Bc6 20. Nxd4 Bxg2+ 21. Kg1 Bxf1 22. Nb5 Bxc4 23. Na3 Ba6 24. Kf2 Re2+ 25. Kg3 Ng6 26. Bd1 Re1 27. Bf3 Rd8 28. Nc2 Rg1+ 29. Kf2 Rf1+ 30. Kg2 Nh4+ 31. Kg3 Nxf3 32. Ne3 Re1 33. Kxf3 0-1